Map: Oceanborn LE

Players

SubN

  • Race: Zerg Zerg
  • League: Diamond
  • Spawn Location: 11:00

Boris - Winner!

  • Race: Protoss Protoss
  • League: Diamond
  • Spawn Location: 5:00

VOD

Have the link to the VOD?

Description

Time

  • Played on: Dec. 30, 2023, 6:03 p.m.
  • Length: 14:45
Show
View Real Time Build Order
Export as new Build Order

SubN Zerg 

Build Orders: Hatch First 

Get SALT Encoding   

  12  0:00  Drone  
  13  0:13  Overlord  
  13  0:18  Drone  
  14  0:31  Drone x2  
  16  0:50  Hatchery  
  16  0:52  Drone  
  16  0:55  Drone  
  17  0:59  Drone  
  18  1:07  Extractor  
  17  1:15  Spawning Pool  
  17  1:18  Drone  
  17  1:21  Drone  
  18  1:28  Drone  
  19  1:39  Overlord  
  19  1:52  Drone  
  20  2:02  Queen x2  
  20  2:04  Zergling x4  
  26  2:11  Spine Crawler  
  25  2:19  Spine Crawler  
  23  2:32  Zergling x8  
  28  2:57  Metabolic Boost, Roach Warren  
  25  3:04  Zergling x6  
  28  3:14  Drone  
  29  3:26  Lair  
  29  3:30  Drone, Extractor  
  29  3:31  Drone  
  29  3:32  Overlord  
  30  3:42  Overlord  
  30  3:51  Drone  
  30  3:54  Roach x2  
  35  4:02  Roach  
  37  4:09  Roach x3  
  43  4:16  Overlord  
  43  4:19  Ravager  
  43  4:21  Ravager  
  45  4:34  Ravager  
  46  4:39  Overlord x4  
  38  5:12  Hatchery  
  37  5:19  Roach  
  39  5:22  Hatchery  
  38  5:29  Ravager  
  38  5:30  Ravager x2  
  38  5:35  Drone x2  
  43  5:42  Queen  
  43  5:49  Glial Reconstitution  
  45  5:54  Drone  
  45  5:56  Drone  
  47  6:18  Pneumatized Carapace  
  40  6:33  Queen  
  40  6:34  Queen  
  44  6:50  Drone  
  45  6:54  Drone x8  
  45  7:01  Queen  
  53  7:03  Drone x3  
  53  7:05  Drone  
  59  7:15  Spire  
  59  7:21  Drone x2  
  60  7:23  Drone x2  
  60  7:26  Drone  
  60  7:27  Drone  
  60  7:29  Drone  
  65  7:34  Queen  
  67  7:39  Queen  
  69  7:54  Drone x7  
  76  7:59  Extractor  
  76  8:00  Drone, Extractor  
  76  8:01  Drone x2  
  76  8:02  Drone x2  
  76  8:03  Drone  
  80  8:11  Overlord  
  80  8:12  Overlord  
  80  8:23  Drone  
  80  8:24  Drone x9  
  80  8:26  Extractor x2  
  88  8:28  Queen  
  88  8:31  Zerg Flyer Weapons Level 1  
  88  8:33  Drone  
  92  8:34  Drone  
  92  8:39  Evolution Chamber  
  92  8:41  Evolution Chamber  
  90  8:54  Overseer  
  90  8:57  Overseer  
  90  8:58  Overseer  
  90  9:00  Hatchery, Overlord x3  
  89  9:06  Zerg Missile Weapons Level 1  
  89  9:07  Zerg Melee Weapons Level 1  
  89  9:09  Drone  
  90  9:10  Drone  
  90  9:12  Baneling Nest  
  90  9:15  Queen  
  92  9:20  Mutalisk  
  92  9:22  Corruptor x2  
  98  9:36  Corruptor  
  98  9:37  Corruptor x2  
  104  9:45  Drone x8  
  112  9:48  Overlord  
  112  9:50  Spore Crawler  
  112  9:51  Spore Crawler  
  112  9:52  Overseer  
  110  9:56  Centrifugal Hooks  
  110  9:58  Zergling x2  
  110  9:59  Zergling x10  
  116  10:15  Drone x7  
  116  10:16  Drone x6, Extractor  
  116  10:17  Extractor  
  127  10:21  Queen  
  129  10:30  Drone x2  
  129  10:31  Drone  
  132  10:40  Zerg Flyer Weapons Level 2, Infestation Pit  
  131  10:45  Corruptor x2  
  131  10:47  Hatchery  
  131  10:49  Extractor  
  133  10:50  Extractor  
  132  11:03  Roach  
  132  11:04  Roach x5  
  144  11:06  Overlord x4  
  144  11:07  Overlord x3  
  144  11:09  Zerg Missile Weapons Level 2  
  144  11:12  Zerg Melee Weapons Level 2  
  144  11:17  Hive  
  144  11:28  Drone x4  
  144  11:29  Drone  
  144  11:31  Drone x4  
  153  11:36  Ravager x6  
  159  11:50  Overlord  
  159  12:02  Queen  
  159  12:04  Corruptor x7  
  175  12:11  Corruptor x4  
  175  12:12  Corruptor  
  184  12:23  Zergling x16  
  184  12:24  Zergling x14  
  199  12:45  Overlord  
  199  12:46  Overlord  
  199  12:47  Overlord  
  199  12:48  Overlord  
  199  12:50  Overlord x2  
  151  13:16  Corruptor x5  
  151  13:17  Corruptor x10  
  159  13:26  Roach  
  159  13:27  Roach x2  
  117  13:43  Roach  
  117  13:44  Roach x7  
  121  13:52  Zergling x8  
  123  14:09  Viper x2  
  123  14:15  Roach x5  
  139  14:19  Ravager  
Show
View Real Time Build Order
Export as new Build Order

Boris Protoss - Winner!

Build Orders: Forge Fast Expand (FFE) 

Get SALT Encoding   

  12  0:00  Probe (Chrono Boost)  
  13  0:10  Probe (Chrono Boost)  
  14  0:17  Pylon  
  14  0:21  Probe  
  15  0:35  Probe  
  15  0:39  Forge  
  16  0:50  Pylon  
  16  0:52  Probe  
  17  1:13  Photon Cannon  
  17  1:30  Nexus  
  17  1:35  Probe  
  18  1:51  Probe  
  19  1:56  Gateway  
  19  2:04  Photon Cannon  
  19  2:06  Photon Cannon  
  19  2:16  Photon Cannon  
  19  2:21  Probe  
  20  2:26  Assimilator  
  20  2:31  Assimilator  
  20  2:45  Probe x2  
  22  2:57  Probe (Chrono Boost)  
  22  2:58  Cybernetics Core, Probe (Chrono Boost)  
  24  3:08  Probe x2 (Chrono Boost)  
  26  3:13  Probe x2 (Chrono Boost)  
  28  3:23  Pylon  
  30  3:27  Probe x2 (Chrono Boost)  
  30  3:38  Probe (Chrono Boost)  
  30  3:39  Probe (Chrono Boost)  
  30  3:40  Stargate  
  32  3:43  Warp Gate  
  32  3:44  Stalker  
  32  3:48  Probe, Assimilator  
  34  3:50  Probe, Assimilator  
  36  4:00  Probe  
  36  4:02  Probe  
  38  4:12  Probe  
  38  4:14  Probe  
  40  4:21  Stalker  
  42  4:28  Probe x2  
  42  4:30  Void Ray  
  48  4:35  Pylon  
  48  4:38  Pylon  
  48  4:44  Probe x2  
  50  5:01  Probe x2  
  50  5:06  Shield Battery  
  52  5:08  Shield Battery  
  52  5:10  Photon Cannon, Nexus  
  56  5:22  Void Ray  
  56  5:33  Photon Cannon  
  56  5:36  Pylon  
  56  5:40  Photon Cannon  
  56  5:44  Pylon  
  56  5:45  Probe x2  
  56  5:49  Stalker  
  60  5:55  Pylon  
  60  5:57  Probe x2  
  62  6:09  Probe x2  
  64  6:14  Stalker  
  64  6:17  Void Ray  
  70  6:45  Probe x2 (Chrono Boost)  
  72  6:53  Probe (Chrono Boost)  
  73  6:56  Nexus  
  73  6:58  Pylon  
  73  7:00  Pylon  
  75  7:03  Probe x2 (Chrono Boost)  
  75  7:04  Probe (Chrono Boost)  
  80  7:09  Void Ray  
  80  7:10  Probe (Chrono Boost)  
  80  7:15  Assimilator  
  81  7:17  Twilight Council  
  81  7:20  Assimilator  
  81  7:22  Robotics Facility  
  81  7:27  Fleet Beacon  
  81  7:38  Pylon  
  81  7:44  Gateway  
  81  7:45  Gateway  
  81  7:46  Protoss Shields Level 1  
  81  7:48  Gateway, Probe x3  
  88  7:51  Gateway  
  88  7:56  Void Ray  
  88  7:57  Assimilator  
  88  8:00  Probe x3  
  88  8:01  Assimilator  
  91  8:17  Probe  
  91  8:18  Probe x3  
  95  8:23  Flux Vanes  
  95  8:29  Probe  
  95  8:30  Probe x2  
  95  8:31  Dark Shrine  
  95  8:33  Stargate x2, Carrier  
  95  8:34  Charge  
  104  8:44  Robotics Bay  
  104  8:51  Robotics Facility  
  104  8:53  Robotics Facility  
  104  9:03  Probe x3  
  107  9:14  Stalker x4  
  107  9:15  Stalker  
  117  9:20  Phoenix x2  
  117  9:23  Anion Pulse-Crystals  
  121  9:26  Protoss Air Weapons Level 1  
  121  9:31  Cybernetics Core  
  121  9:36  Extended Thermal Lance, Forge x2  
  121  9:40  Colossus  
  121  9:41  Colossus  
  133  10:02  Probe x3  
  136  10:07  Zealot x2  
  136  10:09  Nexus  
  136  10:12  Protoss Ground Armor Level 1, Protoss Ground Weapons Level 1  
  136  10:13  Protoss Shields Level 2  
  140  10:22  Pylon  
  140  10:28  Pylon x2  
  140  10:30  Protoss Air Armor Level 1  
  140  10:33  Pylon  
  140  10:36  Pylon, Blink  
  140  10:40  Colossus  
  140  10:41  Phoenix, Pylon  
  140  10:42  Pylon  
  148  10:45  Colossus  
  148  10:46  Phoenix  
  148  10:47  Pylon x2  
  148  10:48  Pylon  
  156  10:54  Assimilator  
  156  10:58  Phoenix  
  156  10:59  Assimilator  
  156  11:00  Stalker x2  
  156  11:02  Dark Templar  
  156  11:03  Dark Templar  
  166  11:06  Zealot  
  166  11:09  Phoenix  
  170  11:18  Phoenix  
  172  11:19  Probe  
  172  11:20  Probe  
  172  11:23  Phoenix  
  176  11:26  Stargate  
  176  11:49  Phoenix  
  176  11:50  Phoenix x2  
  176  11:52  Colossus  
  188  11:54  Immortal  
  188  11:59  Observer  
  193  12:07  Gravitic Boosters  
  193  12:16  Dark Templar x2  
  193  12:18  Zealot  
  187  12:37  Shield Battery  
  187  12:38  Pylon  
  187  12:40  Pylon  
  187  12:41  Shield Battery  
  187  12:43  Shield Battery x2  
  185  12:47  Shield Battery  
  185  12:48  Shield Battery, Photon Cannon  
  185  12:50  Photon Cannon  
  185  12:52  Photon Cannon  
  185  12:55  Photon Cannon x2  
  185  12:57  Photon Cannon  
  185  13:00  Pylon  
  155  13:20  Stalker x3  
  155  13:21  Stalker x2  
  181  13:36  Void Ray x3  
  181  13:37  Void Ray  
  181  13:40  Stargate  
  181  13:42  Stargate  
  181  13:54  Stalker  
  181  13:55  Stalker x2  
  178  14:45  Stalker x2  
Tags
 
Add a new tag
Caveats
  • Supply blocks, unpowered buildings, or Contaminate may cause inaccurate times.
  • Supply counts are checked every 10 seconds.